 Dungeon Crawl Stone Soup version 0.29.1-2-gbd0b4ee654 (webtiles) character file.

Game seed: 17846373571537598633

295 MisterFreud the Twirler (level 6, -3/51 HPs)
             Began as a Formicid Gladiator on Oct 27, 2022.
             Slain by a bullfrog (4 damage)
             ... on level 6 of the Dungeon.
             The game lasted 00:05:07 (3666 turns).

MisterFreud the Twirler (Formicid Gladiator)        Turns: 3666, Time: 00:05:07

Health: -3/51      AC:  3    Str: 20    XL:     6   Next: 61%
Magic:  6/6        EV: 12    Int:  8    God:
Gold:   99         SH:  0    Dex: 15    Spells: 5/5 levels left

rFire   . . .      SeeInvis +   a - +0 quarterstaff
rCold   . . .      Faith    .   (no shield)
rNeg    . . .      Spirit   .   b - +0 leather armour
rPois   .          Reflect  .   (helmet unavailable)
rElec   .          Harm     .   (no cloak)
rCorr   +          Rampage  .   (no gloves)
Will    .....                   (no boots)
Stlth   +.........              (no amulet)
HPRegen 0.17/turn               f - ring of resist corrosion
MPRegen 0.10/turn               (no ring)

@: no status effects
A: permanent stasis, dig shafts and tunnels, antennae 3, four strong arms
a: Dig, Shaft Self


You were on level 6 of the Dungeon.
You visited 1 branch of the dungeon, and saw 6 of its levels.

You collected 99 gold pieces.

Inventory:

Hand Weapons
 a - a +0 quarterstaff (weapon)
 j - a +0 great mace
Missiles
 c - 3 throwing nets (quivered)
 d - a javelin
 g - a boomerang
 m - 4 poisoned darts
Armour
 b - a +0 leather armour (worn)
Jewellery
 f - a ring of resist corrosion (left hand)
Scrolls
 k - a scroll of poison
Potions
 e - a potion of heal wounds {unknown}
 h - 2 potions of invisibility
 i - a potion of haste {unknown}
 l - a potion of attraction {unknown}


   Skills:
 - Level 5.0 Fighting
 + Level 5.5 Staves
 - Level 2.0 Throwing
 - Level 2.6 Dodging


You had 5 spell levels left.
You didn't know any spells.
Your spell library contained the following spells:

 Spells                   Type           Power      Damage    Failure   Level
 Summon Small Mammal      Summ           0%         N/A       45%         1
 Call Canine Familiar     Summ           0%         N/A       83%         3
 Lesser Beckoning         Tloc           0%         N/A       83%         3
 Summon Guardian Golem    Hex/Summ       0%         N/A       83%         3
 Manifold Assault         Tloc           0%         N/A       100%        5
 Blink                    Tloc           Unusable   N/A       N/A         2

Dungeon Overview and Level Annotations

Branches:
Dungeon (7/15)
 Temple: D:4-7

Altars:

Shops:
D:2 [(

Annotations:
D:3 1 runed translucent door, Crazy Yiuf
D:6 Prince Ribbit


Innate Abilities, Weirdness & Mutations

You cannot be hasted, slowed, berserked, paralysed or teleported.
You can dig through walls and to a lower floor.
You have a pair of large antennae on your head. (SInv)
Your four strong arms can wield two-handed weapons with a shield.


Message History

The ice beast is almost dead.
The bullfrog hits you. The ice beast closely misses you.
The white imp hits you but does no damage.
The bullfrog hits you but does no damage.
You hit the ice beast.
The ice beast is almost dead.
The bullfrog barely misses you.
The ice beast hits you but does no damage.
The white imp closely misses you.
You sock the ice beast!
You kill the ice beast!
The white imp gestures at you. The puff of frost misses you.
The bullfrog closely misses you.
Your Staves skill increases to level 5!
The bullfrog attacks as you move away! The bullfrog barely misses you.
Prince Ribbit comes into view.
The bullfrog attacks as you move away! The bullfrog hits you.
The white imp gestures at you. The puff of frost hits you!
Okay, then.
You sock the bullfrog!
The bullfrog is severely wounded.
The bullfrog barely misses you. The white imp gestures at you.
The puff of frost hits you. The bullfrog hits you! The bullfrog hits you.
You closely miss the bullfrog.
The bullfrog is severely wounded.
The bullfrog hits you. x2
Unknown command.
Are you sure you want to shaft yourself?
The bullfrog barely misses you. x2
The white imp gestures at you. The puff of frost hits you!
* * * LOW HITPOINT WARNING * * *
The bullfrog closely misses you. The bullfrog hits you.
* * * LOW HITPOINT WARNING * * *
You begin to dig a shaft.
You continue digging a shaft.
The bullfrog swells and bulges.
The bullfrog hits you.
You die...

#>.......#
###.##......#
#....#.....##
#............#
#............# ###
#............#...##
##......##........#
.......#F#.##$/.##
.......@.F.# ...#
.......F#..##.....
.##.<..5#.....##..
##.......#.## .
........###..
....#....# ....
..#?....... ...
.##........ #.
#........


You could see Prince Ribbit, 2 bullfrogs and a white imp.

Vanquished Creatures
  An ice beast (D:6)
  A howler monkey (D:6)
  2 orc wizards (D:7)
  4 adders
  A white imp (D:7)
  A worm (D:2)
  A dart slug (D:3)
  6 orcs
  4 bats
  5 endoplasms
  3 giant cockroaches
  8 goblins
  6 hobgoblins
  2 jackals (D:1)
  A kobold (D:1)
  3 quokkas
  3 ball pythons
  6 frilled lizards
  4 rats (D:1)
62 creatures vanquished.

Notes
Turn   | Place    | Note
-------+----------+-------------------------------------------
     0 | D:1      | MisterFreud the Formicid Gladiator began the quest for the
                  | Orb.
     0 | D:1      | Reached XP level 1. HP: 16/16 MP: 1/1
    20 | D:1      | You fall into a shaft and drop 1 floor!
   200 | D:2      | Found Keackeg's Antique Weapon Boutique.
   216 | D:2      | Reached XP level 2. HP: 22/22 MP: 2/2
   685 | D:2      | Found Wanianys's Armour Shop.
   750 | D:2      | Reached XP level 3. HP: 21/28 MP: 3/3
   823 | D:2      | Found a faded altar of an unknown god.
  1147 | D:1      | Reached XP level 4. HP: 35/35 MP: 4/4
  2442 | D:3      | Found a runed translucent door.
  2443 | D:3      | Noticed Crazy Yiuf
  2472 | D:3      | You fall into a shaft and drop 3 floors!
  2475 | D:6      | Noticed an ice beast
  2643 | D:5      | Entered Level 5 of the Dungeon
  2758 | D:5      | Reached XP level 5. HP: 28/43 MP: 5/5
  2828 | D:5      | You fall into a shaft and drop 2 floors!
  3185 | D:7      | Reached skill level 5 in Fighting
  3513 | D:7      | Noticed a bullfrog
  3651 | D:6      | Reached XP level 6. HP: 50/51 MP: 6/6
  3659 | D:6      | Killed an ice beast
  3660 | D:6      | Reached skill level 5 in Staves
  3660 | D:6      | Noticed Prince Ribbit
  3665 | D:6      | HP: 1/51 [bullfrog (2)]
  3666 | D:6      | Slain by a bullfrog

Illustrated notes

Levels and vault maps discovered:
D:1:      pf_arrival_petrified_forest, layout_loops_ring
D:2:      layout_basic, ebering_ecumenical_altar_webs, serial_shops,
          nicolae_diamond_shop, nicolae_shop_trees
D:3:      layout_basic, nzn_overflow_gifts_of_might_and_magic,
          nrook_mini_vaults, uniq_crazy_yiuf_cottage
D:5:      layout_basic, mainiacjoe_overflow_brackets,
          mainiacjoe_overflow_alcove_2, uniq_edmund
D:6:      layout_cave_pools, kennysheep_little_box, lemuel_doored_altar,
          gammafunk_ghost_split, uniq_duvessa, uniq_prince_ribbit1
D:7:      layout_basic, good_gods_temple_1, temple_doors_e,
          reono_crystal_passage, minmay_misc_feat_roman

Skill      XL: |  1  2  3  4  5  6 |
---------------+-------------------+-----
Fighting       | 3 4 5 |  5.0
Staves         | 4 5 |  5.5
Throwing       | |  2.0
Dodging        | |  2.6

Action                   |  1- 3 |  4- 6 || total
-------------------------+-------+-------++-------
Melee: Quarterstaff      |    60 |   155 ||   215
       Punch             |       |     2 ||     2
 Abil: Shaft Self        |     1 |     3 ||     4
       Dig               |       |     1 ||     1
  Use: Scroll            |       |     5 ||     5
 Stab: Sleeping          |     1 |     2 ||     3
Armor: Leather armour    |    10 |    39 ||    49
Dodge: Dodged            |    43 |   110 ||   153
